Get step-by-step instructions on how to execute this build order below. Start the game timer, and the build order will tick by so you can play in parallel with StarCraft on a second screen or mobile device.

Game Time

  0:00

Last Step

  N/A

Next Step

Upcoming Step



Don't want to look back and forth between 2 screens? Try out our Overwolf App, the Spawning Tool Build Advisor to get an in-game overlay with this build!

Complete Build Order

  12  0:00  Drone  
  12  0:06  Extractor  
  12  0:23  Spawning Pool  
  12  0:28  Drone  
  12  0:34  Drone  
  13  0:40  Drone  
  14  0:52  Overlord  
  14  1:10  Zergling x4  
  16  1:11  Zergling x2  
  16  1:13  Metabolic Boost  
  17  1:23  Zergling x2  
  18  1:33  Zergling x2  
  19  1:44  Hatchery  
  18  1:57  Queen  
  21  2:08  Zergling x4  
  22  2:18  Baneling Nest  
  21  2:28  Spore Crawler  
  21  2:42  Zergling x2  
  21  2:48  Zergling x4  
  20  2:56  Zergling x2  
  21  3:01  Zergling x2  
  22  3:09  Drone  
  22  3:13  Drone x3  
  22  3:14  Drone  
  26  3:20  Drone  
  26  3:23  Baneling x2  
  26  3:25  Baneling  
  27  3:32  Drone  
  28  3:37  Overlord  
  27  3:54  Overlord  
  27  3:55  Zergling x8  
  31  3:58  Zergling x2  
  30  4:08  Zergling x4  
  30  4:19  Drone  
  30  4:22  Drone x2  
  30  4:23  Drone x2  
  34  4:28  Drone  
  35  4:33  Drone x2  
  37  4:41  Drone  
  38  4:46  Queen  
  40  4:56  Lair  
  40  4:57  Drone  
  41  5:00  Extractor  
  41  5:01  Drone  
  41  5:04  Drone  
  42  5:10  Drone x2  
  40  5:22  Drone x3  
  40  5:23  Overlord  
  40  5:25  Overlord  
  43  5:35  Overlord  
  43  5:38  Extractor  
  43  5:40  Zergling x4, Extractor  
  43  5:41  Zergling x2  
  43  5:42  Zergling x2  
  45  5:44  Zergling x2  
  41  5:54  Zergling x4  
  26  6:20  Zergling x4  
  26  6:22  Spire  
  27  6:26  Zergling x4